 Dungeon Crawl Stone Soup version 0.22-a0-283-g1871b15 (webtiles) character file.

16 tidbits the Insei (level 2, 5/23 HPs)
             Began as a Gnoll Transmuter on Mar 18, 2018.
             Quit the game on level 2 of the Dungeon.
             The game lasted 00:01:40 (226 turns).

tidbits the Insei (Gnoll Transmuter)                 Turns: 226, Time: 00:01:41

Health: 5/23       AC:  2    Str: 12    XL:     2   Next: 58%
Magic:  4/7        EV: 14    Int: 15    God:
Gold:   9          SH:  0    Dex: 15    Spells: 7/10 levels left

rFire    . . .     SeeInvis .     - Unarmed
rCold    + . .     Gourm    .   (no shield)
rNeg     . . .     Faith    .   b - +0 robe
rPois    .         Spirit   .   (no helmet)
rElec    .         Reflect  .   (no cloak)
rCorr    .         Harm     .   (no gloves)
MR       .....                  (no boots)
Stlth    ++........             (no amulet)
HPRegen  0.07/turn              i - ring of protection from cold
MPRegen  0.10/turn              (no ring)

@: lethally poisoned (5 -> -1), appendage
A: distributed training, fangs 1, horns 2, strong nose
a: End Transformation


You were on level 2 of the Dungeon.
You were not hungry.
You had grown temporary horns.
You visited 1 branch of the dungeon, and saw 2 of its levels.

You collected 9 gold pieces.

Inventory:

Hand Weapons
 c - a +0 dagger
Missiles
 a - 11 arrows
Armour
 b - a +0 robe (worn)
Jewellery
 i - a ring of protection from cold (left hand)
   (You found it on level 1 of the Dungeon)
Scrolls
 e - a scroll of identify {unknown}
 g - a scroll of enchant weapon {unknown}
 h - a scroll of teleportation {unknown}
 j - 2 scrolls of remove curse {unknown}
 k - a scroll of fog {unknown}
 l - a scroll of enchant armour {unknown}
Comestibles
 d - a ration


   Skills:
 + Level 2.5 Fighting
 + Level 0.4 Short Blades
 + Level 0.4 Long Blades
 + Level 0.4 Axes
 + Level 0.4 Maces & Flails
 + Level 0.4 Polearms
 + Level 0.4 Staves
 + Level 0.4 Slings
 + Level 0.4 Bows
 + Level 0.4 Crossbows
 + Level 0.4 Throwing
 + Level 0.4 Armour
 + Level 4.5 Dodging
 + Level 0.4 Stealth
 + Level 0.4 Shields
 + Level 6.5 Unarmed Combat
 + Level 4.9 Spellcasting
 + Level 0.2 Conjurations
 + Level 0.2 Hexes
 + Level 0.2 Charms
 + Level 0.2 Summonings
 + Level 0.2 Necromancy
 + Level 0.2 Translocations
 + Level 3.7 Transmutations
 + Level 0.2 Fire Magic
 + Level 0.2 Ice Magic
 + Level 0.2 Air Magic
 + Level 0.2 Earth Magic
 + Level 0.2 Poison Magic
 + Level 0.5 Invocations
 + Level 0.4 Evocations


You had 7 spell levels left.
You knew the following spells:

 Your Spells              Type           Power        Failure   Level  Hunger
e - Beastly Appendage     Tmut           ##....       3%          1    None
k - Sticks to Snakes      Tmut           ##......     5%          2    ##.....


Dungeon Overview and Level Annotations

Branches:
Dungeon (2/15)

Altars:


Innate Abilities, Weirdness & Mutations

Your experience applies equally to all skills.
You have very sharp teeth.
Your uncanny sense of smell can sniff out nearby items.
You have a pair of horns on your head.


Message History

The kobold closely misses you.
You hit the kobold but do no damage. You hit the kobold.
You kill the kobold!
Your transformation is almost over.
You see here 9 gold pieces.
You now have 9 gold pieces.
You see here a stone.
You open the door.
Your horns disappear.
You see here a stone.
You see here a whip.
There is a stone staircase leading down here.
You climb downwards.
A leopard gecko, a hobgoblin and a kobold come into view.
The hobgoblin shouts!
The kobold shouts!
The leopard gecko hisses angrily.
Found a scroll labeled NAEHAH ETATZU.
There is a stone staircase leading up here.
Casting: Beastly Appendage (safe; 3% risk of failure)
Confirm with . or Enter, or press ? or * to list all spells.
Your feet morph into talons.
The hobgoblin completely misses you.
You hit the leopard gecko. You claw the leopard gecko.
The leopard gecko is almost dead.
The leopard gecko closely misses you.
You closely miss the leopard gecko.
You kill the leopard gecko!
The hobgoblin closely misses you.
You hit the hobgoblin but do no damage. You claw the hobgoblin.
The hobgoblin is almost dead.
The hobgoblin closely misses you.
You hit the hobgoblin.
You kill the hobgoblin!
The kobold hits you.
You barely miss the kobold. Your kick misses the kobold. The kobold hits you.
You barely miss the kobold. The kobold hits you.
You hit the kobold but do no damage. The kobold hits you.
* * * LOW HITPOINT WARNING * * *
You hit the kobold.
You kill the kobold!
You have reached level 2!
Memorise Sticks to Snakes, consuming 2 spell levels and leaving 7?
You start memorising the spell.
You continue memorising. x2
You finish memorising.
Spell assigned to 'k'.
You see here a hobgoblin corpse.
You see here a scroll labeled NAEHAH ETATZU.
l - a scroll labeled NAEHAH ETATZU You open the door.
Your transformation is almost over.
There is an open door here.
Found a stone staircase leading up.
There is a stone staircase leading up here.
You climb upwards.
A bat and a giant cockroach come into view.
The bat barely misses you.
Found 13 stones.
There is a stone staircase leading down here.
You hit the bat.
The bat is severely wounded.
The bat hits you but does no damage. The bat closely misses you.
You climb downwards.
Your talons disappear.
There is a stone staircase leading up here.
Unknown command.
An adder comes into view.
Casting: Beastly Appendage (safe; 3% risk of failure)
Confirm with . or Enter, or press ? or * to list all spells.
You grow a pair of large bovine horns.
The adder hisses angrily.
The adder bites you.
* * * LOW HITPOINT WARNING * * *
You are poisoned.
The adder poisons you! The adder bites you.
* * * LOW HITPOINT WARNING * * *
It was a potion of curing.
You feel better. The adder barely misses you.
Casting: Beastly Appendage (safe; 3% risk of failure)
Confirm with . or Enter, or press ? or * to list all spells.
You create a snake!
You now have 11 arrows.
The adder closely misses you.
You hit the adder.
The adder is heavily wounded.
The adder bites you.
* * * LOW HITPOINT WARNING * * *
You closely miss the adder. Your headbutt misses the adder.
The adder is heavily wounded.
The adder closely misses you.
Your ball python barely misses the adder. x2
The adder misses you.
You barely miss the adder.
The adder is heavily wounded.
Your ball python barely misses the adder.
Your ball python completely misses the adder.
The adder bites you.
* * * LOW HITPOINT WARNING * * *
You are lethally poisoned!
The adder poisons you!
You hit the adder.
You kill the adder!
* * * LOW HITPOINT WARNING * * *
You feel sick.
Are you sure you want to abandon this character and quit the game? (Confirm with "yes".)

#.# #.# #.#
##.## #.#
##...##
#.####.....##
#.#.'...⌠...#
##.#.###...###
#.....<#...#
###.######††.#
#.S@# #.<.#
#.#†# #...#
#.#.# ##### #
#.# #.# #.#
#.. ∆ ###


You could see a friendly ball python.

Vanquished Creatures
  An adder (D:2)
  A leopard gecko (D:2)
  A giant cockroach (D:1)
  A hobgoblin (D:2)
  A frilled lizard (D:1)
  2 kobolds
7 creatures vanquished.

Notes
Turn   | Place    | Note
-------+----------+-------------------------------------------
     0 | D:1      | tidbits the Gnoll Transmuter began the quest for the Orb.
     0 | D:1      | Reached XP level 1. HP: 17/17 MP: 6/6
   193 | D:2      | Reached XP level 2. HP: 10/23 MP: 5/7
   197 | D:2      | Learned a level 2 spell: Sticks to Snakes
   226 | D:2      | Quit the game

Vault maps used:
D:1:      mushboom_english_gardens
D:2:      overflow_temple_1_default, grunt_ministairs_14

Action                   || total
-------------------------++-------
Melee: Unarmed           ||    20
       Kick              ||     3
       Bite              ||     1
 Cast: Beastly Appendage ||     5
       Sticks to Snakes  ||     1
  Use: Potion            ||     1
Armor: Robe              ||     1
Dodge: Dodged            ||    16

Table legend:
 A = Spawn XP
 B = Non-spawn XP
 C = Spawn XP percentage of total XP
 D = Spawn monster count
 E = Non-spawn monster count
 F = Spawn count percentage of total count
 G = Total turns spent on level
                    A         B        C        D         E        F      G
               +---------+---------+-------+---------+---------+-------+---------
         Total |       0 |      24 |   0.0 |       0 |       7 |   0.0 |   226
               +---------+---------+-------+---------+---------+-------+---------
           D:1 |       0 |       4 |   0.0 |       0 |       3 |   0.0 |   187
           D:2 |       0 |      20 |   0.0 |       0 |       4 |   0.0 |    39
               +---------+---------+-------+---------+---------+-------+---------

Table legend:
 A = Turns spent in this place as a percentage of turns spent in the entire game.
 B = Non-inter-level travel turns spent in this place as a percentage of non-inter-level travel turns spent in the entire game.
 C = Inter-level travel turns spent in this place as a percentage of turns spent in this place.
 D = Turns resting spent in this place as a percentage of non-inter-level travel turns spent in this place.
 E = Turns spent auto-exploring this place as a percentage of non-inter-level travel turns spent in this place.
 F = Non-inter-level travel turns spent in this place divided by the number of levels of this place that you've seen.
                   A       B       C       D       E      F
               +-------+-------+-------+-------+-------+----------------------
         Total | 100.0 | 100.0 |   0.0 |   0.0 |   0.0 | 113.0
       Dungeon | 100.0 | 100.0 |   0.0 |   0.0 |   0.0 | 113.0
               +-------+-------+-------+-------+-------+----------------------

Table legend:
 A = Kills in this place as a percentage of kills in entire the game.
 B = Kills by you in this place as a percentage of kills by you in the entire game.
 C = Kills by friends in this place as a percentage of kills by friends in the entire game.
 D = Other kills in this place as a percentage of other kills in the entire game.
 E = Experience gained in this place as a percentage of experience gained in the entire game.
 F = Experience gained in this place divided by the number of levels of this place that you have seen.
                   A       B       C       D       E      F
               +-------+-------+-------+-------+-------+----------------------
         Total | 100.0 | 100.0 |   N/A |   N/A | 100.0 |  12.0
       Dungeon | 100.0 | 100.0 |   N/A |   N/A | 100.0 |  12.0
               +-------+-------+-------+-------+-------+----------------------

Vault maps used:
D:1:      mushboom_english_gardens
D:2:      overflow_temple_1_default, grunt_ministairs_14
